 Dungeon Crawl Stone Soup version 0.27.0-1-g7a089689b8 (webtiles) character file.

Game seed: 6521239308291401046

29561 rogsnak the Devastator (level 13, -2/68 HPs)
             Began as a Gargoyle Fire Elementalist on Aug 11, 2021.
             Was an Elder of Sif Muna.
             Killed from afar by a manticore (10 damage)
             ... with a volley of spikes
             ... on level 12 of the Dungeon on Aug 12, 2021.
             The game lasted 01:06:06 (21056 turns).

rogsnak the Devastator (GrFE)                      Turns: 21056, Time: 01:06:06

Health: -2/68      AC: 27    Str: 11    XL:     13   Next: 46%
Magic:  17/27      EV: 12    Int: 22    God:    Sif Muna [****..]
Gold:   701        SH:  5    Dex: 10    Spells: 7/32 levels left

rFire    + + .     SeeInvis .   F - staff of fire
rCold    x . .     Faith    .   (no shield)
rNeg     + . .     Spirit   .   I - +0 acid dragon scales
rPois    ∞         Reflect  +   M - +2 hat
rElec    +         Harm     .   E - +2 cloak {Stlth+}
rCorr    +         Rampage  .   (no gloves)
Will     .....                  B - +1 pair of boots
Stlth    ++........             t - amulet of reflection
HPRegen  0.21/turn              v - +4 ring of protection
MPRegen  0.20/turn              x - ring of fire

@: spiked
A: sickness immunity, AC +9, negative energy resistance 1, electricity
resistance, torment resistance 1, petrification resistance
a: Renounce Religion, Channel Magic, Forget Spell, Divine Exegesis


You were on level 12 of the Dungeon.
You worshipped Sif Muna.
Sif Muna was greatly pleased with you.
You visited 2 branches of the dungeon, and saw 14 of its levels.
You also visited: Ossuary.

You collected 701 gold pieces.

Inventory:

Hand Weapons
 b - a +3 spear of venom
 g - the +6 whip of Contention {speed, rPois Int+2 Stlth+}
   (You found it on level 10 of the Dungeon)

   Attacks with this weapon are significantly faster.
   Int:       It affects your intelligence (+2).
   rPois:     It protects you from poison.
   Stlth:     It makes you more stealthy.
 S - the +6 hand axe "Sanlotz" {vorpal, *Slow rN++ Str+2}
   (You found it on level 8 of the Dungeon)

   It inflicts extra damage upon your enemies.
   Str:       It affects your strength (+2).
   rN:        It greatly protects you from negative energy.
   *Slow:     It may slow you when you take damage.
Missiles
 i - 43 poisoned darts (quivered)
 D - 9 atropa-tipped darts
 T - 7 curare-tipped darts
Armour
 B - a +1 pair of boots (worn)
 E - a +2 cloak of stealth (worn)
 H - +0 steam dragon scales
 I - +0 acid dragon scales (worn)
 M - a +2 hat (worn)
 Z - +0 ice dragon scales
Magical Staves
 p - a staff of conjuration
 F - a staff of fire (weapon)
Jewellery
 k - a ring of see invisible
 t - an amulet of reflection (around neck)
 u - a ring of protection from cold
 v - a +4 ring of protection (left hand)
 x - a ring of fire (right hand)
 J - a ring of willpower
Wands
 w - a wand of digging (4)
 C - a wand of paralysis (8)
 K - a wand of iceblast (13)
 V - a wand of mindburst (13)
 Y - a wand of acid (8)
Scrolls
 a - a scroll of enchant armour
 c - 8 scrolls of teleportation {unknown}
 d - 3 scrolls of enchant weapon
 e - 2 scrolls of fog
 m - 2 scrolls of fear {unknown}
 s - 3 scrolls of vulnerability {unknown}
 y - 3 scrolls of amnesia
 A - 2 scrolls of immolation {unknown}
 G - a scroll of holy word
 P - 3 scrolls of noise {unknown}
 U - a scroll of summoning
 W - a scroll of magic mapping {unknown}
Potions
 f - 3 potions of might {unknown}
 h - a potion of cancellation {unknown}
 j - 4 potions of degeneration {unknown}
 l - 3 potions of mutation {unknown}
 n - 10 potions of curing {unknown}
 o - 5 potions of heal wounds {unknown}
 q - 6 potions of attraction {unknown}
 r - a potion of berserk rage
 z - 2 potions of resistance
 L - 3 potions of flight {unknown}
 N - 4 potions of brilliance {unknown}
 O - 4 potions of lignification {unknown}
 Q - a potion of ambrosia
 R - a potion of haste


   Skills:
 + Level 3.0 Fighting
 - Level 3.0 Staves
 + Level 0.3 Throwing
 + Level 3.8 Armour
 + Level 4.8 Dodging
 - Level 2.1 Stealth
 + Level 10.4 Spellcasting
 * Level 15.2 Conjurations
 * Level 1.3 Summonings
 + Level 10.8 Fire Magic
 + Level 1.1 Earth Magic


You had 7 spell levels left.
You knew the following spells:

 Your Spells              Type           Power      Damage    Failure   Level
a - Foxfire               Conj/Fire      100%       2x1d9     1%          1
b - Sticky Flame          Conj/Fire      100%       2d11      1%          4
c - Fireball              Conj/Fire      50%        3d20      1%          5
d - Swiftness             Air            11%        N/A       26%         3
e - Bolt of Magma         Conj/Fire/Erth 43%        4d18      6%          5
f - Spellforged Servitor  Conj/Summ      23%        N/A       94%         7

Your spell library contained the following spells:

 Spells                   Type           Power      Damage    Failure   Level
 Shock                    Conj/Air       100%       1d9       1%          1
 Conjure Flame            Conj/Fire      100%       6-21      1%          3
 Inner Flame              Hex/Fire       68%        N/A       2%          3
 Mephitic Cloud           Conj/Pois/Air  33%        N/A       3%          3
 Ignite Poison            Fire/Tmut/Pois 57%        N/A       6%          3
 Summon Guardian Golem    Hex/Summ       14%        N/A       21%         3
 Airstrike                Air            5%         N/A       65%         4
 Summon Forest            Summ/Tloc      7%         N/A       88%         5
 Summon Mana Viper        Hex/Summ       14%        N/A       88%         5
 Shadow Creatures         Summ           N/A        N/A       100%        6


Dungeon Overview and Level Annotations

Branches:
Dungeon (13/15)            Temple (1/1) D:7            Lair (0/6) D:8
    Orc (0/2) D:11        Ossuary (visited)
 Vaults: D:13-14

Altars:
Fedhas
Gozag
Hepliaklqana
Makhleb
Ru
Sif Muna
Uskayaw
Zin

Shops:
D:1 !   D:5 =*   D:10 *   D:11 ?

Portals:
Trove: D:10 (give 12 potions of heal wounds)

Annotations:
D:12 Azrael


Innate Abilities, Weirdness & Mutations

You are immune to sickness and miasma.
Your stone body is resilient. (AC +9)
You are immune to poison.
You resist negative energy. (rN+)
You are resistant to electric shocks. (rElec)
You are resistant to unholy torment.
You are immune to petrification.


Message History

* * * LOW HITPOINT WARNING * * *
You climb upwards.
Level annotation: Azrael
There is a stone staircase leading down here.
Unknown command.
Okay, then.
Blink to where?
Press: ? - help, Dir - move target
As you read the scroll of blinking, it crumbles to dust.
Unknown command.
Casting: Sticky Flame (safe; 1% risk of failure)
Confirm with . or Enter, or press ? or * to list all spells.
Aiming: Fireball (dangerous; 1% risk of failure)
Press: ? - help, Shift-Dir - straight line, f - vampire mosquito
Aim: a vampire mosquito You feel a strong surge of power!
The fireball explodes!
The fireball engulfs the vampire mosquito!!!
You destroy the vampire mosquito!
Sif Muna accepts your kill.
The fireball engulfs the boulder beetle!!
The boulder beetle is moderately wounded.
Casting: Fireball (dangerous; 1% risk of failure)
Confirm with . or Enter, or press ? or * to list all spells.
You don't know that spell.
Unknown command.
Casting: Fireball (dangerous; 1% risk of failure)
Confirm with . or Enter, or press ? or * to list all spells.
Aiming: Fireball (dangerous; 1% risk of failure)
Press: ? - help, Shift-Dir - straight line, f - manticore
Aim: a manticore (moderately wounded)
You feel a strong surge of power!
The fireball explodes!
The fireball engulfs the manticore!!
The manticore is severely wounded.
The fireball engulfs the boulder beetle!!
The boulder beetle is heavily wounded.
The boulder beetle curls into a ball and begins rolling!
The manticore flicks its tail.
The volley of spikes hits you!
The barbed spikes become lodged in your body.
You die...

.###############.#.#.#.#####.#
...................#.### #.#
.##...#########>####.# #.#
..#...........#BH###.#######.#
.>#...........#H.............#
......###.#.###.#####.#####..#
.........................##..#
.......##.#.###.##.##.##.##..#
.......##.#.# #.@........##..#
.......+..#.# ####.########..#
......<####.###..............#
.......#......#.##.#########.#
###....#........##.# #.#
#....#.##.....##.# #.#
#....#.#####..##.# #.#
#....#.# #..##.#########.###
#....#.# #..##.#...........#


You could see a boulder beetle (rolling) and a manticore.

Vanquished Creatures
  Gastronok (D:11)
  A hydra (D:11)
  An ice dragon (D:11)
  2 boulder beetles
  A death knight (D:11)
  A centaur warrior (D:13)
  Urug (D:12)
  A tengu warrior (D:11)
  Sonja (D:10)
  4 ugly things
  A manticore (D:11)
  A deep elf pyromancer (D:11)
  3 cyclopes
  An elephant (D:8)
  A gargoyle (D:11)
  An unseen horror (D:11)
  A komodo dragon (D:12)
  A queen bee (D:11)
  A troll (D:10)
  3 hornets
  16 slime creatures
  A spriggan (D:11)
  A shadow (D:11)
  2 vampires (D:11)
  4 wraiths
  4 fire elementals (D:12)
  3 wyverns
  14 yaks
  A basilisk (D:8)
  A steam dragon (D:6)
  4 vampire mosquitoes
  Menkaure (D:4)
  3 acid dragons
  A water moccasin (D:7)
  2 ice beasts
  2 hornet zombies
  9 orc warriors
  A black bear (D:8)
  A necrophage (D:5)
  3 ogres
  12 centaurs
  Blork the orc (D:4)
  2 kobold brigands
  3 gnoll sergeants
  4 scorpions
  35 killer bees
  3 wights (D:9)
  2 howler monkeys
  11 centaur zombies
  3 hounds
  A human zombie (Ossuary)
  A jelly (D:6)
  6 orc priests
  2 bullfrog skeletons
  13 orc wizards
  2 iguanas (D:6)
  2 ogre zombies (Ossuary)
  A hound zombie (D:5)
  A hound skeleton (D:4)
  7 mummies (Ossuary)
  A howler monkey skeleton (D:7)
  12 gnolls
  6 adders
  3 white imps
  2 adder skeletons (D:4)
  4 adder zombies (Ossuary)
  8 worms
  7 dart slugs
  33 orcs
  8 ball pythons
  5 endoplasms
  6 giant cockroaches
  9 goblins
  5 hobgoblins
  9 jackals
  2 quokkas
  10 bats
  A frilled lizard (D:2)
  3 goblin zombies (Ossuary)
  2 hobgoblin zombies (Ossuary)
  14 kobolds
  4 kobold zombies (Ossuary)
  An orc zombie (Ossuary)
  4 quokka zombies (Ossuary)
  7 rats
  6 rat zombies (Ossuary)
386 creatures vanquished.

Vanquished Creatures (others)
  1137 foxfires
  13 plants (D:11)
1150 creatures vanquished.

Grand Total: 1536 creatures vanquished

Notes
Turn   | Place    | Note
-------+----------+-------------------------------------------
     0 | D:1      | rogsnak the Gargoyle Fire Elementalist began the quest for
                  | the Orb.
     0 | D:1      | Reached XP level 1. HP: 10/10 MP: 3/3
   221 | D:1      | Found Caodud Hauwk's Distillery.
   277 | D:1      | Reached XP level 2. HP: 15/15 MP: 3/5
   675 | D:1      | Reached XP level 3. HP: 19/19 MP: 2/6
  1156 | D:1      | Found a faded altar of an unknown god.
  1653 | D:2      | Reached skill level 2 in Conjurations
  2054 | D:2      | Reached XP level 4. HP: 24/24 MP: 4/7
  3012 | D:3      | Reached skill level 3 in Conjurations
  3012 | D:3      | Reached XP level 5. HP: 28/28 MP: 5/9
  3615 | D:4      | Reached XP level 6. HP: 33/33 MP: 5/10
  3659 | D:4      | Noticed Menkaure
  3665 | D:4      | Killed Menkaure
  3666 | D:4      | Reached skill level 4 in Conjurations
  3775 | D:4      | Learned a level 4 spell: Sticky Flame
  3786 | D:4      | Learned a level 5 spell: Fireball
  3993 | D:4      | Noticed Blork the orc
  4015 | D:4      | Killed Blork the orc
  4016 | D:4      | Reached skill level 1 in Fighting
  4016 | D:4      | Reached XP level 7. HP: 38/38 MP: 5/12
  4299 | D:4      | Reached skill level 5 in Conjurations
  4339 | D:5      | Entered Level 5 of the Dungeon
  4699 | D:5      | Found Emin Qig's Overcharged Wands.
  4810 | D:5      | Found Houhash's Jewellery Boutique.
  4888 | D:4      | Reached skill level 5 in Fire Magic
  5133 | D:5      | Reached skill level 6 in Conjurations
  5133 | D:5      | Reached XP level 8. HP: 43/43 MP: 7/14
  5340 | D:5      | Found a faded altar of an unknown god.
  5340 | D:5      | Found a faded altar of an unknown god.
  5351 | D:5      | Found a burning altar of Makhleb.
  5353 | D:5      | Found an opulent altar of Gozag.
  5354 | D:5      | Found a hide-covered altar of Uskayaw.
  5829 | D:6      | Reached skill level 7 in Conjurations
  5836 | D:6      | Learned a level 3 spell: Swiftness
  6145 | D:6      | Reached skill level 5 in Spellcasting
  6419 | D:6      | Reached skill level 8 in Conjurations
  6419 | D:6      | Reached XP level 9. HP: 48/48 MP: 11/16
  6685 | D:7      | Found a sand-covered staircase.
  6711 | Ossuary  | Entered an ossuary
  7665 | D:7      | Found a staircase to the Ecumenical Temple.
  7754 | Temple   | Entered the Ecumenical Temple
  7797 | Temple   | Became a worshipper of Sif Muna the Loreminder
  7861 | D:7      | Reached skill level 1 in Staves
  8019 | D:7      | Reached skill level 9 in Conjurations
  8025 | D:7      | Got the Papyrus of Creative Air
  9198 | D:8      | Identified the +6 hand axe "Sanlotz" {vorpal, *Slow rN++
                  | Str+2}
  9441 | D:8      | Reached XP level 10. HP: 53/53 MP: 12/19
  9540 | D:8      | Reached * piety under Sif Muna
  9821 | D:8      | Reached skill level 10 in Conjurations
  9874 | D:8      | Found a staircase to the Lair.
  9920 | D:8      | Noticed an elephant
 10470 | D:8      | Killed an elephant
 12374 | D:10     | Entered Level 10 of the Dungeon
 12386 | D:10     | Reached skill level 11 in Conjurations
 12566 | D:10     | Reached ** piety under Sif Muna
 12774 | D:10     | Found a sacrificial altar of Ru.
 12780 | D:10     | Found Maklakk's Gadget Gallery.
 12837 | D:10     | Reached XP level 11. HP: 59/59 MP: 4/22
 12995 | D:10     | Learned a level 5 spell: Bolt of Magma
 13012 | D:10     | Found a portal to a secret trove of treasure.
 13105 | D:10     | Identified the +6 whip of Contention {speed, rPois Int+2
                  | Stlth+}
 13310 | D:10     | Noticed Sonja
 13313 | D:10     | Killed Sonja
 13682 | D:11     | Noticed Gastronok
 14087 | D:11     | Identified a scroll of acquirement
 14103 | D:11     | Acquired a ring of see invisible
 14182 | D:11     | Reached skill level 12 in Conjurations
 14193 | D:11     | Noticed a manticore
 14252 | D:11     | Killed a manticore
 14758 | D:11     | Noticed a tengu warrior
 14760 | D:11     | Killed a tengu warrior
 14910 | D:11     | Noticed a six-headed hydra
 14922 | D:10     | Reached *** piety under Sif Muna
 14955 | D:11     | Noticed a cyan ugly thing
 15476 | D:11     | Reached XP level 12. HP: 64/64 MP: 18/24
 15502 | D:11     | Reached skill level 13 in Conjurations
 15717 | D:11     | Killed Gastronok
 16201 | D:11     | Killed a six-headed hydra
 16266 | D:11     | Found a staircase to the Orcish Mines.
 16332 | D:11     | Found Jaell's Magic Scroll Shoppe.
 16724 | D:11     | Reached skill level 1 in Armour
 16921 | D:11     | Noticed a death knight
 16932 | D:11     | Reached skill level 10 in Fire Magic
 17148 | D:11     | Killed a death knight
 17234 | D:11     | Noticed an ice dragon
 17254 | D:11     | Killed an ice dragon
 17255 | D:11     | Reached skill level 14 in Conjurations
 17563 | D:12     | Reached **** piety under Sif Muna
 18523 | D:12     | Noticed Urug
 18555 | D:12     | Killed Urug
 18555 | D:12     | Noticed a boulder beetle
 18556 | D:12     | Reached skill level 10 in Spellcasting
 18661 | D:12     | Killed a boulder beetle
 18662 | D:12     | Reached XP level 13. HP: 46/68 MP: 12/27
 19654 | D:12     | Noticed Azrael
 20186 | D:12     | Reached skill level 15 in Conjurations
 20470 | D:13     | Learned a level 7 spell: Spellforged Servitor
 20569 | D:13     | Reached skill level 1 in Earth Magic
 20946 | D:13     | Reached skill level 1 in Summonings
 21056 | D:12     | Killed from afar by a manticore

Illustrated notes

Levels and vault maps discovered:
D:1:      dpeg_arrival_three_bigger_balls, layout_loops_corners,
          shapermc_ecumenical_altar_notcrosses, serial_shops, shop,
          kennysheep_pointless_box
D:2:      layout_basic
D:3:      layout_basic, minmay_vboxes
D:4:      layout_basic, uniq_menkaure, uniq_blork_the_orc
D:5:      layout_gridville, chequers_temple_overflow_minitemple, serial_shops,
          nicolae_lakefront_shop, nicolae_shop_overcharged_wands
D:6:      layout_basic
D:7:      minmay_general_purpose_star, layout_basic,
          minmay_temple_entry_stoned_glass,
          nicolae_ossuary_entry_false_entrances, grunt_decor_mini_mirrors,
          minivault_27
D:8:      layout_loops_ring, david_lair_generic
D:9:      layout_irregular_city, kennysheep_nub
D:10:     layout_basic, kennysheep_little_box, nicolae_trove_entry_columns,
          nicolae_shop_gadgets, uniq_sonja
D:11:     regret_index_wax_grids, layout_small_grid, david_orc_3, serial_shops,
          kennysheep_mini_moat, the_hattery, uniq_gastronok
D:12:     layout_basic, uniq_urug, uniq_azrael
D:13:     layout_basic, serial_corexii_hall, corexii_hall_statues_l,
          corexii_hall_statues_l, biasface_ghost_orc_armoury
Temple:   dpeg_five_rooms_temple

Skill      XL: |  1  2  3  4  5  6  7  8  9 10 11 12 13 |
---------------+----------------------------------------+-----
Conjurations   | 2 3 4 6 8 9 11 12 14 15 | 15.2
Spellcasting   | 3 4 5 6 7 8 10 | 10.4
Fire Magic     | 4 5 6 8 9 10 | 10.8
Dodging        | 2 3 4 |  4.8
Fighting       | 1 2 3 |  3.0
Staves         | 2 3 |  3.0
Armour         | 2 3 |  3.8
Earth Magic    | 1 |  1.1
Summonings     | 1 |  1.3
Throwing       | |  0.3
Stealth        | |  2.1

Action                   |  1- 3 |  4- 6 |  7- 9 | 10-12 | 13-15 || total
-------------------------+-------+-------+-------+-------+-------++-------
Melee: Spear             |    42 |    61 |    49 |     6 |       ||   158
       Hand axe          |       |       |     1 |       |       ||     1
       Staff             |       |       |    95 |   119 |    14 ||   228
Throw: Javelin           |       |       |       |       |     3 ||     3
 Cast: Foxfire           |    69 |    85 |   231 |   270 |    48 ||   703
       Sticky Flame      |       |       |    27 |    84 |     7 ||   118
       Fireball          |       |       |     2 |    65 |    27 ||    94
       Bolt of Magma     |       |       |       |     3 |     7 ||    10
  Use: Scroll            |       |       |       |    15 |     1 ||    16
       Potion            |       |       |       |       |     1 ||     1
 Stab: Sleeping          |     2 |     1 |     2 |       |       ||     5
Armor: Robe              |    11 |    13 |    33 |       |       ||    57
       Steam dragon scal |       |       |    81 |   117 |       ||   198
       Acid dragon scale |       |       |       |    24 |    35 ||    59
Dodge: Dodged            |    17 |    35 |   101 |   155 |    18 ||   326
Block: Other             |       |       |       |       |     1 ||     1
